 Dungeon Crawl Stone Soup version 0.24.0-123-gd5b16e6ec5 (webtiles) character file.

Game seed: 8299103670559000859, levelgen mode: deterministic

204 Descartes the Vexing (level 5, -1/29 HPs)
             Began as a Deep Elf Wanderer on Jan 6, 2020.
             Slain by an ogre
             ... wielding a +0 giant spiked club
              (30 damage)
             ... on level 4 of the Dungeon.
             The game lasted 00:07:11 (4815 turns).

Descartes the Vexing (Deep Elf Wanderer)            Turns: 4815, Time: 00:07:12

Health: -1/29      AC:  3    Str:  9    XL:     5   Next: 52%
Magic:  11/11      EV: 13    Int: 16    God:
Gold:   139        SH:  0    Dex: 16    Spells: 6/10 levels left

rFire    . . .     SeeInvis .   a - +2 quarterstaff
rCold    . . .     Gourm    .   (shield currently unavailable)
rNeg     . . .     Faith    .   d - +0 robe
rPois    +         Spirit   .   (no helmet)
rElec    .         Reflect  .   j - +0 cloak
rCorr    .         Harm     .   (no gloves)
MR       .....                  (no boots)
Stlth    ++........             (no amulet)
HPRegen  0.09/turn              c - ring of poison resistance
MPRegen  0.12/turn              n - ring of flight

@: no status effects
A: no striking features
a: Evoke Flight


You were on level 4 of the Dungeon.
You were not hungry.

You visited 1 branch of the dungeon, and saw 4 of its levels.

You collected 139 gold pieces.

Inventory:

Hand Weapons
 a - a +2 quarterstaff (weapon)
 w - a +5 dagger
 A - a +0 hunting sling
Missiles
 b - 63 arrows
 e - 136 stones (quivered)
 o - 16 poisoned darts
 r - 58 bolts
 x - 50 sling bullets
Armour
 d - a +0 robe (worn)
 h - a +0 large shield
 j - a +0 cloak (worn)
Jewellery
 c - a ring of poison resistance (left hand)
 n - a ring of flight (right hand)
Scrolls
 i - 3 scrolls of teleportation {unknown}
 l - a scroll of fog {unknown}
 m - 5 scrolls of remove curse {unknown}
 p - 6 scrolls of identify {unknown}
 q - 2 scrolls of amnesia {unknown}
 s - a scroll of noise {unknown}
 u - 2 scrolls of blinking {unknown}
 v - a scroll of immolation {unknown}
 y - a scroll of enchant armour {unknown}
Potions
 g - 2 potions of curing
 k - 2 potions of cancellation {unknown}
 t - 3 potions of heal wounds {unknown}
 z - a potion of resistance {unknown}
Comestibles
 f - 6 rations
 B - 2 chunks of flesh


   Skills:
 - Level 1.0 Fighting
 + Level 2.8 Staves
 - Level 2.0 Throwing
 + Level 2.2 Dodging
 + Level 2.6 Stealth
 * Level 1.5 Shields
 + Level 3.1 Spellcasting
 + Level 1.0 Conjurations
   Level 5.3 Hexes
 + Level 2.0 Earth Magic


You had 6 spell levels left.
You knew the following spells:

 Your Spells              Type           Power        Failure   Level  Hunger
a - Sandblast             Erth           #.....       9%          1    None
b - Stone Arrow           Conj/Erth      #.....       30%         3    ###....

Your spell library contained the following spells:

 Spells                   Type           Power        Failure   Level  Hunger
 Summon Butterflies       Summ           #.......     19%         1    None
 Call Canine Familiar     Summ           #.......     50%         3    ###....


Dungeon Overview and Level Annotations

Branches:
Dungeon (4/15)
 Temple: D:4-7

Altars:
Trog
Zin


Message History

The adder skeleton is heavily damaged.
The adder skeleton closely misses you.
You hit the adder skeleton.
The adder skeleton is almost destroyed.
The adder skeleton barely misses you.
You hit the adder skeleton.
You destroy the adder skeleton!
No target in view!
Casting: Sandblast (safe; 9% risk of failure)
Confirm with . or Enter, or press ? or * to list all spells.
You don't know that spell.
You start resting.
HP restored.
An ogre comes into view. It is wielding a +0 giant spiked club.
Found a ration.
Found a shield.
The ogre shouts!
The ogre hits you with a +0 giant spiked club!!
Ouch! That really hurt!
You die...

#### ...........# #..###
...........# #....##
...........# #.....###
...........# #.......##
#.. ...........#
#......... ####..#
...........# #.........
#....#
....[.O....####.........
....#
.......@.....#..........
....##
........................
.....#
...........###....(.....
.....#
.........%.###...[......
.....#
..........###...........
.....#
..........###..#########
.....# #........###...#
.....## ########## #..##
......# ##..#


You could see an ogre.

Vanquished Creatures
  A crimson imp (D:3)
  A worker ant (D:4)
  6 adders
  An ooze (D:1)
  An adder skeleton (D:4)
  2 worms (D:2)
  2 dart slugs (D:1)
  3 leopard geckos
  An orc (D:3)
  A ball python (D:2)
  10 bats
  5 giant cockroaches
  8 goblins
  4 hobgoblins
  5 jackals
  3 quokkas
  3 frilled lizards
  8 kobolds
  5 rats
  2 toadstools (D:1)
72 creatures vanquished.

Vanquished Creatures (others)
  2 toadstools (D:1)
2 creatures vanquished.

Grand Total: 74 creatures vanquished

Notes
Turn   | Place    | Note
-------+----------+-------------------------------------------
     0 | D:1      | Descartes the Deep Elf Wanderer began the quest for the
                  | Orb.
     0 | D:1      | Descartes set off with the following items: a +2
                  | quarterstaff, a +0 robe, a ration; and the following spells
                  | available to memorise: Sandblast, Summon Butterflies, Call
                  | Canine Familiar, Stone Arrow
     0 | D:1      | Reached XP level 1. HP: 12/12 MP: 5/5
     2 | D:1      | Learned a level 1 spell: Sandblast
   384 | D:1      | Reached XP level 2. HP: 16/16 MP: 6/6
   421 | D:1      | Reached skill level 1 in Stealth
   690 | D:1      | Reached skill level 1 in Dodging
   928 | D:1      | Reached skill level 1 in Earth Magic
  1066 | D:1      | Reached XP level 3. HP: 11/20 MP: 8/8
  2197 | D:2      | Reached XP level 4. HP: 2/25 MP: 9/9
  2786 | D:2      | Found a glowing silver altar of Zin.
  2787 | D:2      | Noticed an angel
  2917 | D:3      | Learned a level 3 spell: Stone Arrow
  3190 | D:3      | Reached skill level 1 in Shields
  4004 | D:3      | Found a bloodstained altar of Trog.
  4257 | D:3      | Reached XP level 5. HP: 22/29 MP: 11/11
  4650 | D:4      | Reached skill level 1 in Conjurations
  4809 | D:4      | Noticed an ogre
  4815 | D:4      | Slain by an ogre

Levels and vault maps discovered:
D:1:      ldierk_water_garden, layout_loops_corners
D:2:      layout_rooms, zin_angel
D:3:      layout_basic, trog_butcher_becter
D:4:      layout_cave_pods, nicolae_overflow_crystal_walls, kennysheep_mini_moat

Skill      XL: |  1  2  3  4  5 |
---------------+----------------+-----
Stealth        | 1 2 |  2.6
Spellcasting   | 2 3 |  3.1
Dodging        | 1 2 |  2.2
Earth Magic    | 1 2 |  2.0
Shields        | 1 |  1.5
Conjurations   | 1 |  1.0
Fighting       | |  1.0
Staves         | |  2.8
Throwing       | |  2.0
Hexes          | |  5.3

Action                   |  1- 3 |  4- 6 || total
-------------------------+-------+-------++-------
Melee: Quarterstaff      |   129 |    96 ||   225
 Cast: Sandblast         |     3 |       ||     3
  Use: Potion            |       |     1 ||     1
 Stab: Sleeping          |     3 |     7 ||    10
       Distracted        |     1 |       ||     1
  Eat: Chunk             |     4 |     8 ||    12
Armor: Robe              |    36 |    14 ||    50
Dodge: Dodged            |   115 |    51 ||   166
